 Dungeon Crawl Stone Soup version 0.20.1-1-g8b1a95d (webtiles) character file.

392 Zedayar the Ruffian (level 6, -6/61 HPs)
             Began as a Troll Berserker on Aug 30, 2017.
             Was a Priest of Trog.
             Mangled by a killer bee (7 damage)
             ... on level 7 of the Dungeon on Sept 2, 2017.
             The game lasted 00:09:56 (2923 turns).

Zedayar the Ruffian (Troll Berserker)               Turns: 2923, Time: 00:09:58

Health: -6/61      AC:  5    Str: 28    XL:     6   Next: 50%
Magic:  1/1        EV: 11    Int:  3    God:    Trog [***...]
Gold:   211        SH:  0    Dex:  9    Spells: 5/5 levels left

rFire    . . .     SeeInvis .   v - +1 quarterstaff (antimagic)
rCold    . . .     Gourm    +   (shield currently unavailable)
rNeg     . . .     Faith    .   a - +0 animal skin
rPois    .         Spirit   .   (helmet restricted)
rElec    .         Reflect  .   (no cloak)
rCorr    .         Harm     .   (gloves unavailable)
MR       .....                  (boots unavailable)
Stlth    +.........             h - amulet of rage
Regen    0.6/turn               (no ring)
MPRegen  0.1/turn               (no ring)

@: lethally poisoned (-6 -> -32), berserk cooldown, slowed, very slow
A: unfitting armour, claws 3, fast metabolism 3, gourmand, regeneration 1,
shaggy fur 1, tough skin 2
a: Berserk, Trog's Hand, Burn Spellbooks, Renounce Religion, Evoke Berserk Rage


You were on level 7 of the Dungeon.
You worshipped Trog.
Trog was most pleased with you.
You were not hungry.

You visited 1 branch of the dungeon, and saw 5 of its levels.

You collected 211 gold pieces.

Inventory:

Hand Weapons
 v - a +1 antimagic quarterstaff (weapon)
Armour
 a - a +0 animal skin (worn)
Jewellery
 h - an amulet of rage (around neck)
 j - an uncursed amulet of the gourmand
 m - a +2 ring of dexterity {unknown}
Wands
 t - a wand of confusion (27/48)
Scrolls
 d - 4 scrolls of remove curse {unknown}
 i - a scroll of recharging {unknown}
 r - 2 scrolls of immolation {unknown}
 x - 2 scrolls of teleportation {unknown}
 y - a scroll of amnesia {unknown}
 A - a scroll of fear {unknown}
Potions
 c - a potion of lignification {unknown}
 e - a potion of ambrosia {unknown}
 f - a potion of might {unknown}
 g - a potion of curing {unknown}
 k - 3 potions of haste {unknown}
 n - 2 potions of magic {unknown}
 p - a potion of invisibility {unknown}
 q - a potion of mutation {unknown}
 s - a potion of resistance {unknown}
 w - a potion of heal wounds {unknown}
 z - a potion of flight {unknown}
Comestibles
 b - 4 bread rations
 l - 3 royal jellies
 o - 2 meat rations
 u - 4 fruits


   Skills:
 + Level 3.1 Fighting
 + Level 0.5 Staves
 + Level 3.5 Dodging
 + Level 0.4 Stealth
 + Level 5.9 Unarmed Combat


You had 5 spell levels left.
You didn't know any spells.

Dungeon Overview and Level Annotations

Branches:
Dungeon (4/15)             Temple (0/1) D:4

Altars:
Vehumet
Xom

Annotations:
D:7 Prince Ribbit; hilaritas's ghost, novice DEEE


Innate Abilities, Weirdness & Mutations

You are too large for most types of armour.
You have claws for hands.
Your metabolism is lightning-fast.
You like to eat raw meat.
Your natural rate of healing is unusually fast.
You are covered in fur. (AC +1)
You have very tough skin. (AC +2)


Message History

* * * LOW HITPOINT WARNING * * *
You feel sick.
You feel your anger subside.
You are no longer berserk.
You are exhausted.
You feel yourself slow down.
* * * LOW HITPOINT WARNING * * *
You feel very sick. The killer bee closely misses you.
* * * LOW HITPOINT WARNING * * *
You feel very sick.
The killer bee stings you but does no damage. x2
Prince Ribbit says, "You're just another fly to me."
The killer bee barely misses you.
* * * LOW HITPOINT WARNING * * *
You feel very sick. The killer bee stings you.
* * * LOW HITPOINT WARNING * * *
You are more poisoned.
The killer bee poisons you! The killer bee stings you!
You die...

... .... .....
.....## .......
.......###
....§FF..#
......##F######
..... #ySy@..##
.... ######..#
... ##.# ## #.#
#.# #.# #.##
#..## ##.(#


You could see Prince Ribbit, 2 killer bees and an adder.

Vanquished Creatures
  The ghost of hilaritas the Digger, an amateur DEEE (D:3)
  A killer bee (D:7)
  A jelly (D:7)
  2 orc wizards (D:3)
  A hound (D:4)
  3 adders
  An adder zombie (D:4)
  An adder skeleton (D:3)
  2 worms
  2 dart slugs (D:1)
  2 leopard geckos
  17 orcs
  A ball python (D:2)
  3 giant cockroaches
  5 goblins
  5 hobgoblins
  4 quokkas
  11 bats
  2 frilled lizards
  8 kobolds
  2 rats
75 creatures vanquished.

Vanquished Creatures (others)
  A quokka (D:7)
1 creature vanquished.

Grand Total: 76 creatures vanquished

Notes
Turn   | Place    | Note
-------+----------+-------------------------------------------
     0 | D:1      | Zedayar the Troll Berserker began the quest for the Orb.
     0 | D:1      | Reached XP level 1. HP: 22/22 MP: 0/0
   104 | D:1      | Reached XP level 2. HP: 25/29 MP: 1/1
   650 | D:2      | Reached XP level 3. HP: 36/36 MP: 2/2
   691 | D:2      | Found a shimmering altar of Xom.
  1123 | D:2      | Reached ** piety under Trog
  1290 | D:3      | Reached skill level 4 in Unarmed Combat
  1290 | D:3      | Reached XP level 4. HP: 36/44 MP: 3/3
  1383 | D:3      | Reached XP level 5. HP: 36/53 MP: 4/4
  1492 | D:3      | Found a faded altar of an unknown god.
  1719 | D:3      | Reached skill level 5 in Unarmed Combat
  1771 | D:3      | Noticed hilaritas's ghost (amateur DEEE)
  1778 | D:3      | Killed hilaritas's ghost
  1778 | D:3      | Reached XP level 6. HP: 56/61 MP: 5/5
  1847 | D:3      | Found a radiant altar of Vehumet.
  1973 | D:3      | Reached *** piety under Trog
  2785 | D:4      | Found a staircase to the Ecumenical Temple.
  2865 | D:4      | You fall through a shaft for 3 floors!
  2906 | D:7      | Noticed hilaritas's ghost (novice DEEE)
  2910 | D:7      | Noticed Prince Ribbit
  2923 | D:7      | HP: 1/61 [killer bee (3)]
  2923 | D:7      | Mangled by a killer bee

Skill      XL: |  1  2  3  4  5 |
---------------+----------------+-----
Unarmed Combat | 4 5 |  5.9
Fighting       | 3 |  3.1
Dodging        | 3 |  3.5
Staves         | |  0.5
Stealth        | |  0.4

Action                   |  1- 3 |  4- 6 || total
-------------------------+-------+-------++-------
Melee: Unarmed           |    79 |    68 ||   147
       Punch             |     2 |     2 ||     4
       Quarterstaff      |       |    21 ||    21
Invok: Berserk           |       |     3 ||     3
 Stab: Sleeping          |     1 |       ||     1
  Eat: Chunk             |     6 |    19 ||    25
       Bread ration      |     1 |       ||     1
Armor: Animal skin       |    40 |    65 ||   105
Dodge: Dodged            |    66 |    81 ||   147
